 Dungeon Crawl Stone Soup version 0.30.0-29-ga12c61a403 (webtiles) character file.

Game seed: 4180830128146407544

382 javelincjr the Ducker (level 7, -5/50 HPs)
             Began as a Djinni Hedge Wizard on June 8, 2023.
             Slain by a gnoll
             ... wielding a +0 halberd
             ... led by a gnoll bouda
              (15 damage)
             ... on level 6 of the Dungeon.
             The game lasted 00:11:53 (2352 turns).

javelincjr the Ducker (Djinni Hedge Wizard)         Turns: 2352, Time: 00:11:53

Health: -5/50      AC:  7    Str: 11    XL:     7   Next: 5%
Gold:   186        EV: 11    Int: 18    God:
                   SH:  0    Dex: 12

rFire   + + .        p - +5 short sword of Duozux {flame, rN+ Str+2 Stlth+}
rCold   x . .        (no shield)
rNeg    + . .        g - +0 swamp dragon scales
rPois   ∞            c - +0 hat
rElec   .            (no cloak)
rCorr   .            (no gloves)
SInv    .            (boots unavailable)
Will    .....        (no amulet)
Stlth   ++           (no ring)
HPRegen 0.28/turn    (no ring)
MPRegen 0.00/turn

%: infuse magic (-6 HP)
@: flying
A: sickness immunity, fire resistance 2, cold vulnerability 1, float, innate
caster, HP casting, extra vitality 1
a: no special abilities


You were on level 6 of the Dungeon.
You visited 1 branch of the dungeon, and saw 4 of its levels.

You collected 210 gold pieces.
You spent 24 gold pieces at shops.

Inventory:

Hand Weapons
 a - a +0 dagger
 h - a +0 spear
 p - the +5 short sword of Duozux (weapon) {flame, rN+ Str+2 Stlth+}
   (You found it on level 2 of the Dungeon)

   Str:       It affects your strength (+2).
   rN:        It protects you from negative energy.
   Stlth:     It makes you more stealthy.
Armour
 b - a +0 robe
 c - a +0 hat (worn)
 g - +0 swamp dragon scales (worn)
 o - a +0 helmet
Magical Staves
 k - a staff of conjuration
Wands
 n - a wand of polymorph (3)
Scrolls
 d - 3 scrolls of noise
 e - 2 scrolls of teleportation {unknown}
 f - a scroll of fog {unknown}
 j - a scroll of enchant armour {unknown}
 l - 3 scrolls of amnesia
Potions
 i - 2 potions of lignification
 m - 2 potions of cancellation {unknown}


   Skills:
 * Level 3.3 Fighting
 + Level 1.3 Short Blades
 + Level 2.1 Armour
 + Level 3.7 Dodging
 - Level 1.8 Stealth
 * Level 3.6 Spellcasting


You knew the following spells:

 Your Spells              Type           Power      Damage    Failure   Level
a - Magic Dart            Conj           64%        1d6       8%          1
b - Slow                  Hex            64%        N/A       8%          1
c - Blink                 Tloc           32%        N/A       12%         2
d - Call Imp              Summ           32%        N/A       12%         2
e - Mephitic Cloud        Conj/Pois/Air  16%        N/A       24%         3
f - Shock                 Conj/Air       64%        1d7       8%          1
g - Scorch                Fire           32%        2d6       12%         2
h - Teleport Other        Tloc           16%        N/A       24%         3
Your spell library was empty.

Dungeon Overview and Level Annotations

Branches:
Dungeon (3/15)

Altars:

Shops:
D:2 *


Innate Abilities, Weirdness & Mutations

You are immune to sickness and miasma.
You are immune to poison.
Your flesh is very heat resistant. (rF++)
You are vulnerable to cold. (rC-)
You float through the air rather than walking.
You learn spells naturally, not from books.
Your magical power is your life essence.
You have superior vitality. (+4 MHP)


Message History

The gnoll barely misses you.
You puncture the gnoll! You burn the gnoll.
The gnoll is almost dead.
The gnoll hits you with a +0 halberd.
Your cerulean imp closely misses the gnoll.
The gnoll closely misses you.
You swap places.
Your cerulean imp hits the gnoll but does no damage.
The gnoll closely misses you.
The orc hits your cerulean imp with a +0 falchion.
The gnoll barely misses your cerulean imp.
Your cerulean imp hits the orc but does no damage.
The gnoll hits your cerulean imp with a +0 halberd!
Your cerulean imp dies!
Your cerulean imp disappears in a puff of smoke!
The orc throws a stone.
The stone hits you but does no damage.
Casting: Call Imp (safe; 12% risk of failure)
Confirm with . or Enter, or press ? or * to list all spells.
A tiny devil pulls itself out of the air.
The orc barely misses your cerulean imp.
The gnoll rages.
The gnoll hits you from afar with a +0 halberd.
Your cerulean imp closely misses the gnoll.
The orc hits your cerulean imp with a +0 falchion!
The gnoll hits you with a +0 halberd!!
* * * LOW HITPOINT WARNING * * *
Your cerulean imp completely misses the gnoll.
The orc throws a stone.
The stone hits your cerulean imp.
You are too injured to fight recklessly!
You are too injured to fight recklessly!
Casting: Call Imp (safe; 12% risk of failure)
Confirm with . or Enter, or press ? or * to list all spells.
Aiming: Magic Dart (safe; 8% risk of failure)
Press: ? - help, Shift-Dir - straight line, f - gnoll
Aim: a gnoll, wielding a +0 halberd (almost dead, berserk, ally target, 100% to hit)
The magic dart hits the gnoll.
The gnoll is almost dead.
* * * LOW HITPOINT WARNING * * *
The gnoll hits you with a +0 halberd!
You die...

##.###.# ## ....##.# ...
...... ..#..#.# #.# .....≈≈
..##.#.# #.# .$...≈#
#.#....# #.# #♣.....≈#
.......# #.# ###......≈#
..#....####.# #........≈#
.###....##..#####........≈≈
.# #.........>..@g........≈
## ##...##########5o..../..
##.## #.#....... #.#
#.##...... ### #.# #.....
#.## #.... #..# #... ####.#
##. ### ##.##.#


You could see a gnoll (berserk, ally target), an orc and a friendly cerulean imp
(summoned).

Vanquished Creatures
  A bullfrog (D:6)
  A jelly (D:6)
  A gnoll bouda (D:6)
  2 sleepcaps (D:6)
  2 adders (D:2)
  2 gnolls (D:6)
  A worm (D:2)
  3 dart slugs
  An orc (D:6)
  3 endoplasms
  2 giant cockroaches (D:1)
  14 goblins
  3 hobgoblins
  4 kobolds
  5 quokkas
  5 ball pythons
  9 bats
  2 frilled lizards (D:1)
  7 rats
68 creatures vanquished.

Vanquished Creatures (collateral kills)
  An ogre (D:6)
  Robin (D:2)
  An orc (D:6)
  2 goblins (D:2)
  2 hobgoblins (D:2)
7 creatures vanquished.

Grand Total: 75 creatures vanquished

Notes
Turn   | Place    | Note
-------+----------+-------------------------------------------
     0 | D:1      | javelincjr the Djinni Hedge Wizard began the quest for the
                  | Orb.
     0 | D:1      | javelincjr set off with the following spells memorised:
                  | Magic Dart, Slow, Blink, Call Imp, Mephitic Cloud.
     0 | D:1      | Reached XP level 1. HP: 15/15 MP: 0/0
   189 | D:1      | Reached XP level 2. HP: 20/21 MP: 0/0
   293 | D:1      | Reached XP level 3. HP: 24/26 MP: 0/0
   293 | D:1      | Learned a level 1 spell: Shock
   315 | D:1      | Reached skill level 1 in Fighting
   984 | D:2      | Found Hexzae's General Store.
  1008 | D:2      | Bought a scroll of identify for 24 gold pieces
  1146 | D:2      | Reached skill level 1 in Armour
  1146 | D:2      | Reached XP level 4. HP: 27/32 MP: 0/0
  1245 | D:2      | Identified the +5 short sword of Duozux {flame, rN+ Str+2
                  | Stlth+}
  1529 | D:2      | Noticed Robin
  1715 | D:2      | Killed Robin
  1716 | D:2      | Reached XP level 5. HP: 26/38 MP: 0/0
  1716 | D:2      | Learned a level 2 spell: Scorch
  1870 | D:3      | You are sucked into a shaft and drop 3 floors!
  1943 | D:6      | Noticed a bullfrog
  1956 | D:6      | Killed a bullfrog
  1963 | D:6      | Noticed an ogre
  1966 | D:6      | Reached XP level 6. HP: 37/45 MP: 0/0
  1974 | D:6      | Killed an ogre
  1975 | D:6      | Reached skill level 1 in Short Blades
  2191 | D:6      | Reached XP level 7. HP: 42/50 MP: 0/0
  2191 | D:6      | Learned a level 3 spell: Teleport Other
  2352 | D:6      | Slain by a gnoll

Illustrated notes

Levels and vault maps discovered:
D:1:      dpeg_cavernosity, layout_basic
D:2:      layout_rooms, serial_shops, shop, kennysheep_nub,
          grunt_decor_one_mirror, uniq_robin
D:3:      layout_rooms, solitary_fountain
D:6:      layout_loops_corners, grunt_decor_fettered, kennysheep_path_1,
          kennysheep_decorative_pillar, minivault_22,
          chequers_serial_rivers_small_3, kennysheep_pointless_box,
          hangedman_decor_points

Skill      XL: |  1  2  3  4  5  6 |
---------------+-------------------+-----
Fighting       | 1 2 3 |  3.3
Armour         | 1 2 |  2.1
Dodging        | 3 |  3.7
Spellcasting   | 3 |  3.6
Short Blades   | 1 |  1.3
Stealth        | |  1.8

Action                     |  1- 3 |  4- 6 |  7- 9 || total
---------------------------+-------+-------+-------++-------
  Melee: Spear             |    12 |       |       ||    12
         Dagger            |     1 |       |       ||     1
         Staff             |    15 |     4 |       ||    19
         Punch             |       |     1 |       ||     1
         Short sword       |       |    12 |     8 ||    20
   Cast: Magic Dart        |    88 |    54 |     4 ||   146
         Call Imp          |     2 |     3 |     3 ||     8
         Scorch            |       |    14 |       ||    14
    Use: Scroll            |     3 |       |       ||     3
   Stab: Distracted        |     1 |       |       ||     1
 Armour: Robe              |     7 |       |       ||     7
         Swamp dragon scal |     5 |    19 |     1 ||    25
  Dodge: Dodged            |    40 |    12 |     6 ||    58
